 Dungeon Crawl Stone Soup version 0.31.0-9-g3a7656b989 (webtiles) character file.

Game seed: 3401345483993944381

122 qw the Shooter (level 4, 0/23 HPs)
             Began as a Spriggan Hunter on Feb 2, 2024.
             Slain by Edmund
             ... wielding a +5 flail of protection
              (7 damage)
             ... on level 3 of the Dungeon.
             The game lasted 00:00:05 (1844 turns).

qw the Shooter (Spriggan Hunter)                    Turns: 1844, Time: 00:00:06

Health: 0/23       AC:  2    Str:  6 (7)  XL:     4   Next: 78%
Magic:  5/5        EV: 19    Int:  8 (10) God:
Gold:   239        SH:  0    Dex: 20      Spells: 3/3 levels left

rFire   . . .        a - +1 shortbow
rCold   + . .        (shield currently unavailable)
rNeg    . . .        c - +0 robe
rPois   .            (helmet restricted)
rElec   .            (no cloak)
rCorr   .            (gloves unavailable)
SInv    +            (boots unavailable)
Will    .....        (no amulet)
Stlth   ++           e - ring of protection from cold
HPRegen 0.23/turn    (no ring)
MPRegen 0.09/turn

%: no passive effects
@: very quick
A: very small, no large weapons, unfitting armour, see invisible, speed 3
a: no special abilities


You were on level 3 of the Dungeon.
You visited 1 branch of the dungeon, and saw 4 of its levels.

You collected 239 gold pieces.


Innate Abilities, Weirdness & Mutations

You are very small and have problems with some larger weapons.
You are too small for most types of armour.
You have supernaturally acute eyesight. (SInv)
You cover ground extremely quickly. (Speed+++)


   Skills:
 - Level 2.2 Fighting
 - Level 5.2 Ranged Weapons
 + Level 4.3 Dodging
 - Level 1.5 Stealth


You had 3 spell levels left.
You didn't know any spells.
Your spell library was empty.

Inventory:

Hand Weapons
 a - a +1 shortbow (weapon)
Armour
 c - a +0 robe (worn)
Jewellery
 e - a ring of protection from cold (left hand)
Scrolls
 b - a scroll of enchant armour
 d - a scroll of identify
Potions
 g - 3 potions of curing

Dungeon Overview and Level Annotations

Branches:
Dungeon (4/15)
 Temple: D:4-7

Altars:
Wu Jian

Annotations:
D:3 Edmund


Message History

Enter note:
Enter note:
e - a ring of protection from cold
Things that are here:
a +0 whip; 2 stones; a kobold corpse Done exploring.
Done exploring.
1828 ||| UPGRADING to ring of protection from cold.
e - a ring of protection from cold (left hand) Done exploring.
1829 ||| READING 2 scrolls of identify.
1829 ||| IDENTIFYING scroll labelled JAMYZXUPPA
As you read the scroll of identify, it crumbles to dust.
b - a scroll of enchant armour Done exploring.
What level of the Dungeon? (default 3, ? - help)
There is a stone staircase leading down here.
You climb downwards.
Found three items.
Found a stone staircase leading up.
There is a stone staircase leading up here.
There are monsters nearby!
Waypoint 3 assigned to D:4.
You shoot an arrow. The arrow hits Edmund.
Edmund is lightly wounded.
You shoot an arrow.
The arrow hits Edmund but does no damage.
Edmund is lightly wounded.
1840 ||| STAIRDANCE Edmund hits you with a +5 flail of protection!
You climb upwards.
There is a stone staircase leading down here.
You shoot an arrow. The arrow completely misses Edmund.
Edmund hits you with a +5 flail of protection!
You shoot an arrow. The arrow barely misses Edmund.
Edmund asks, "Have you met my wondrous brother?"
Edmund barely misses you.
You shoot an arrow. The arrow hits Edmund.
Edmund is lightly wounded.
Edmund hits you with a +5 flail of protection!
You die...
Edmund whines, "They better pay attention to me now!"

##...#....#
#.........#.#......
'.........#
#........##.#######
######..#.#
#........##....#
....###.#.#
#####..#######.# ###.#
#.#.########.........#'##
# #.#
#.)..........#.#####....#
# #.#
###.#####..###.#..<#....#
###.#####.# #..#
#.###.#....# .##.......#
#.@# #.# #...#'##
.########## ##@#
#.#######.# .# #.#
#......%..# .# #.#
########### .# #.#
%###############.#
...........(.....#
.....###.....##### .....#
#.....#


You could see Edmund.

Vanquished Creatures
  A hound (D:3)
  An iguana (D:3)
  2 adders
  A ribbon worm (D:3)
  A dart slug (D:1)
  3 ball pythons
  4 bats
  5 endoplasms
  3 giant cockroaches (D:1)
  3 goblins
  5 hobgoblins
  3 quokkas
  A frilled lizard (D:1)
  7 kobolds
  2 rats
42 creatures vanquished.

Notes
Turn   | Place    | Note
-------+----------+-------------------------------------------
     0 | D:1      | qw the Spriggan Hunter began the quest for the Orb.
     0 | D:1      | Reached XP level 1. HP: 10/10 MP: 2/2
     0 | D:1      | 0 ||| qw: Version: 0.3-a-155-g5e7d8dd
     0 | D:1      | 0 ||| qw: Game counter: 520
     0 | D:1      | 0 ||| qw: Melee chars always use a shield: true
     0 | D:1      | 0 ||| qw: God list: Okawaru
     0 | D:1      | 0 ||| qw: Allow faded altars: false
     0 | D:1      | 0 ||| qw: Do Orc after clearing Dungeon:15 true
     0 | D:1      | 0 ||| qw: Do second Lair branch before Depths: true
     0 | D:1      | 0 ||| qw: Lair rune preference: random
     0 | D:1      | 0 ||| qw: Goals: Normal
     0 | D:1      | 0 ||| PLANNING D:1-11
    25 | D:1      | Reached skill level 3 in Dodging
   149 | D:1      | Reached XP level 2. HP: 14/14 MP: 3/3
   652 | D:1      | 652 ||| READING 2 scrolls labelled ZES SI FODOO.
   652 | D:1      | 652 ||| IDENTIFYING scroll labelled XEKLEM WEZI
   653 | D:1      | 653 ||| READING scroll of identify.
   653 | D:1      | 653 ||| IDENTIFYING scroll labelled FYDO OHUR
   654 | D:1      | 654 ||| READING scroll of enchant weapon.
   654 | D:1      | 654 ||| ENCHANTING +0 shortbow.
   655 | D:1      | 655 ||| DROPPING scroll of butterflies.
   656 | D:1      | 656 ||| DROPPING scroll of revelation.
   753 | D:2      | HP: 3/14 [poisoned by an adder]
   754 | D:2      | Reached XP level 3. HP: 5/18 MP: 4/4
   862 | D:2      | 862 ||| FLEEEEING.
   863 | D:2      | 863 ||| FLEEEEING.
  1037 | D:2      | Found a faded altar of an unknown god.
  1290 | D:2      | 1290 ||| READING scroll of identify.
  1290 | D:2      | 1290 ||| IDENTIFYING bubbling pink potion
  1291 | D:2      | 1291 ||| READING scroll labelled ISMEAJ DIRCHENK.
  1292 | D:2      | 1292 ||| READING scroll labelled SOUBUINT EXIL.
  1293 | D:2      | 1293 ||| DRINKING 2 blue potions.
  1294 | D:2      | 1294 ||| DRINKING 2 silvery potions.
  1295 | D:2      | 1295 ||| DROPPING potion of brilliance.
  1296 | D:2      | 1296 ||| DROPPING potion of degeneration.
  1322 | D:3      | Found an ornate altar of the Wu Jian Council.
  1349 | D:3      | Reached skill level 5 in Ranged Weapons
  1349 | D:3      | Reached XP level 4. HP: 14/22 MP: 5/5
  1828 | D:3      | 1828 ||| UPGRADING to ring of protection from cold.
  1829 | D:3      | 1829 ||| READING 2 scrolls of identify.
  1829 | D:3      | 1829 ||| IDENTIFYING scroll labelled JAMYZXUPPA
  1837 | D:4      | Noticed Edmund
  1840 | D:4      | 1840 ||| STAIRDANCE
  1844 | D:3      | Slain by Edmund

Levels and vault maps discovered:
D:1:      dreamdust_arrival_beginning_and_end, layout_basic
D:2:      layout_basic, shapermc_ecumenical_altar_acropolis
D:3:      layout_basic, nicolae_wu_jian_wuxing_cycle, nrook_uturn
D:4:      layout_rooms, uniq_edmund

Skill      XL: |  1  2  3  4 |
---------------+-------------+-----
Dodging        | 3 4 |  4.3
Ranged Weapons | 5 |  5.2
Fighting       | 2 |  2.2
Stealth        | |  1.5

Action                     |  1- 3 |  4- 6 || total
---------------------------+-------+-------++-------
   Fire: Shortbow          |   109 |    32 ||   141
    Use: Scroll            |     6 |     1 ||     7
         Potion            |     2 |       ||     2
 Armour: Robe              |    14 |     5 ||    19
  Dodge: Dodged            |    45 |     8 ||    53

Table legend:
 A = Non-vault XP
 B = Vault XP
 C = Vault XP percentage of total XP
 D = Non-vault monster count
 E = Vault monster count
 F = Vault count percentage of total count
                 A         B        C        D         E       F
            +---------+---------+-------+---------+---------+-------
      Total |     175 |       0 |   0.0 |      42 |       0 |   0.0
            +---------+---------+-------+---------+---------+-------
        D:1 |      31 |       0 |   0.0 |      16 |       0 |   0.0
        D:2 |      32 |       0 |   0.0 |      13 |       0 |   0.0
        D:3 |     112 |       0 |   0.0 |      13 |       0 |   0.0
            +---------+---------+-------+---------+---------+-------
